 Dungeon Crawl Stone Soup version 0.29.1-2-gbd0b4ee654 (webtiles) character file.

Game seed: 17509928870220091450

3628 Hadkhar the Fighter (level 10, -1/83 HPs)
             Began as a Formicid Fighter on Nov 8, 2022.
             Was a Believer of Ru.
             Killed by divine providence
             ... invoked by an orc priest
              (16 damage)
             ... on level 8 of the Dungeon.
             The game lasted 00:48:39 (8262 turns).

Hadkhar the Fighter (Formicid Fighter)              Turns: 8262, Time: 00:48:39

Health: -1/83      AC: 19    Str: 24    XL:     10   Next: 33%
Magic:  10/10      EV:  1    Int:  9    God:    Ru [**....]
Gold:   461        SH: 16    Dex: 17    Spells: 9/9 levels left

rFire   . . .      SeeInvis +   v - +8 morningstar of Due Proportion {elec, rElec rCorr Dex+4}
rCold   . . .      Faith    .   G - +0 kite shield
rNeg    + . .      Spirit   .   t - +0 plate armour
rPois   .          Reflect  +   (helmet unavailable)
rElec   +          Harm     .   c - +0 cloak
rCorr   +          Rampage  .   m - +0 pair of gloves
Will    +....                   (no boots)
Stlth   ..........              y - amulet of reflection
HPRegen 0.23/turn               e - ring of positive energy
MPRegen 0.12/turn               E - +4 ring of protection

@: no status effects
A: permanent stasis, dig shafts and tunnels, antennae 3, no stealth, reduced EV
1, four strong arms
a: Dig, Shaft Self, Renounce Religion


You were on level 8 of the Dungeon.
You worshipped Ru.
Ru was pleased with you.
You visited 2 branches of the dungeon, and saw 9 of its levels.

You collected 461 gold pieces.

Inventory:

Hand Weapons
 v - the +8 morningstar of Due Proportion (weapon) {elec, rElec rCorr Dex+4}
   (You found it on level 4 of the Dungeon)

   It occasionally discharges a powerful burst of electricity upon striking a
   foe.
   Dex:       It affects your dexterity (+4).
   rElec:     It insulates you from electricity.
   rCorr:     It protects you from acid and corrosion.
 H - the +7 trident "Beetlebane" {vorpal, Will++}
   (You found it on level 6 of the Dungeon)

   It inflicts extra damage upon your enemies.
   Will:      It greatly increases your willpower.
Missiles
 x - 5 atropa-tipped darts
 I - 2 datura-tipped darts
Armour
 c - a +0 cloak (worn)
 m - a +0 pair of gloves (worn)
 t - a +0 plate armour (worn)
 G - a +0 kite shield (worn)
Jewellery
 e - a ring of positive energy (left hand)
 h - a ring of ice
 y - an amulet of reflection (around neck)
 C - a ring of fire
 E - a +4 ring of protection (right hand)
Wands
 J - a wand of paralysis (13)
 K - a wand of flame (34)
 L - a wand of light (23)
Scrolls
 a - a scroll of brand weapon {unknown}
 b - 2 scrolls of blinking {unknown}
 f - a scroll of silence
 l - 2 scrolls of magic mapping
 n - 3 scrolls of fear
 o - a scroll of vulnerability {unknown}
 p - a scroll of noise {unknown}
 q - a scroll of poison {unknown}
 u - 3 scrolls of summoning {unknown}
 w - 2 scrolls of enchant armour {unknown}
 D - 2 scrolls of amnesia {unknown}
Potions
 d - 2 potions of might
 g - 4 potions of heal wounds
 i - 3 potions of curing
 k - 3 potions of mutation
 r - 2 potions of ambrosia
 s - a potion of magic
 z - a potion of lignification
 A - a potion of resistance {unknown}
 B - a potion of flight {unknown}
 F - a potion of brilliance {unknown}


   Skills:
 + Level 9.2 Fighting
 - Level 3.5(6.3) Axes
 * Level 8.2(8.5) Maces & Flails
 + Level 7.0 Armour
 + Level 8.3 Shields


You had 9 spell levels left.
You didn't know any spells.
Your spell library contained the following spells:

 Spells                   Type           Power      Damage    Failure   Level
 Beastly Appendage        Tmut           0%         N/A       100%        1
 Foxfire                  Conj/Fire      0%         2x1d4     100%        1
 Magic Dart               Conj           0%         1d3       100%        1
 Shock                    Conj/Air       0%         1d3       100%        1
 Slow                     Hex            0%         N/A       100%        1
 Searing Ray              Conj           0%         2d4       100%        2
 Wereblood                Tmut           0%         N/A       100%        2
 Confusing Touch          Hex            0%         N/A       100%        3
 Conjure Flame            Conj/Fire      0%         6-21      100%        3
 Gell's Gravitas          Tloc           0%         N/A       100%        3
 Inner Flame              Hex/Fire       0%         N/A       100%        3
 Lesser Beckoning         Tloc           0%         N/A       100%        3
 Ozocubu's Armour         Ice            0%         N/A       100%        3
 Spider Form              Tmut/Pois      0%         N/A       100%        3
 Teleport Other           Tloc           0%         N/A       100%        3
 Vampiric Draining        Necr           0%         2d6       100%        3
 Airstrike                Air            0%         2d(0-16)  100%        4
 Anguish                  Hex/Necr       0%         N/A       100%        4
 Flame Wave               Conj/Fire      0%         2d4       100%        4
 Fulminant Prism          Conj/Hex       0%         3d6       100%        4
 Enfeeble                 Hex            0%         N/A       100%        7
 Ozocubu's Refrigeration  Ice            0%         4d7       100%        7
 Swiftness                Air            Unusable   N/A       N/A         3

Dungeon Overview and Level Annotations

Branches:
Dungeon (8/15)             Temple (1/1) D:6            Lair (0/5) D:8

Altars:
Ashenzari
Cheibriados
Dithmenos
Elyvilon
Fedhas
Gozag
Kikubaaqudgha
Makhleb
Nemelex Xobeh
Okawaru
Qazlal
Ru
Sif Muna
Vehumet
Wu Jian
Xom
Yredelemnul
Zin
The Shining One


Innate Abilities, Weirdness & Mutations

You cannot be hasted, slowed, berserked, paralysed or teleported.
You can dig through walls and to a lower floor.
You have a pair of large antennae on your head. (SInv)
You cannot be stealthy.
You have somewhat slow reflexes. (EV -5)
Your four strong arms can wield two-handed weapons with a shield.


Message History

You miss the warg. You block the warg's attack.
The orc priest calls down the wrath of Beogh upon you.
Beogh smites you! The warg bites you but does no damage.
The warg attacks as you move away! You block the warg's attack.
The orc priest begins to cast a cantrip, but forgets the words!
The orc priest begins to cast a cantrip, but forgets the words!
You block the warg's attack. You block the warg's attack.
The warg attacks as you move away! The warg bites you.
The orc priest begins to pray, but is stunned by your conviction!
You block the warg's attack.
You open the door. The warg bites you but does no damage. The warg bites you!
You focus your inner power and illuminate the warg in retribution!
You block the warg's attack. The warg completely misses you.
There is an open door, spattered with blood here.
The warg attacks as you move away! The warg bites you but does no damage.
The orc priest mumbles some strange prayers to Beogh against you.
Beogh smites you! The warg bites you! The warg attacks as you move away!
You block the warg's attack. The warg attacks as you move away!
You block the warg's attack.
You see here 19 gold pieces.
The warg attacks as you move away! You block the warg's attack.
You hear the steady creaking of a very distant portcullis.
The orc priest casts a cantrip, but nothing happens.
You block the warg's attack. The warg attacks as you move away!
The warg bites you! You block the warg's attack. x2
The warg attacks as you move away! You block the warg's attack.
The orc priest looks braver for a moment.
The warg attacks as you move away! The warg bites you but does no damage.
The orc priest invokes the aid of Beogh against you.
Beogh smites you!
* * * LOW HITPOINT WARNING * * *
You block the warg's attack.
The orc priest calls down the wrath of Beogh upon you.
Beogh smites you!
You die...

###################
#.....<.....#.....#
#...........#.....#.....
+...........#.....#.....
##+####@....+.....#.....
#....##...###....##...(.
##....##h..###....##.....
#.........O.......)......
#.........h......))......
#..........o.............
#........................
#.............ho.........
#........................


You could see a two-headed ogre, 3 wargs and 2 orc priests.

Vanquished Creatures
  Grinder (D:6)
  Sigmund (D:2)
  The ghost of kwasso the Covert, an amateur GnDe (D:5)
  3 water moccasins
  2 orc warriors (D:8)
  2 sky beasts
  An ice beast (D:7)
  2 ogres
  4 centaurs
  2 phantoms
  2 bullfrogs
  13 wights
  A howler monkey (D:5)
  A gnoll bouda (D:6)
  3 hounds (D:6)
  4 orc priests
  A water moccasin simulacrum (D:5)
  8 iguanas
  7 orc wizards
  A bullfrog simulacrum (D:5)
  9 gnolls
  3 adders
  2 hound simulacra (D:5)
  A shadow imp (D:7)
  2 white imps (D:5)
  3 ufetubi
  3 worms
  A dart slug (D:2)
  13 orcs
  6 ball pythons
  4 bats
  7 endoplasms
  6 giant cockroaches
  8 goblins
  4 hobgoblins
  2 quokkas (D:3)
  6 frilled lizards
  12 kobolds
  3 rats (D:3)
155 creatures vanquished.

Vanquished Creatures (others)
  2 plants (D:3)
2 creatures vanquished.

Grand Total: 157 creatures vanquished

Notes
Turn   | Place    | Note
-------+----------+-------------------------------------------
     0 | D:1      | Hadkhar the Formicid Fighter began the quest for the Orb.
     0 | D:1      | Reached XP level 1. HP: 18/18 MP: 1/1
   658 | D:1      | Reached XP level 2. HP: 23/24 MP: 2/2
  1449 | D:2      | Reached XP level 3. HP: 30/30 MP: 3/3
  1521 | D:2      | Reached skill level 4 in Fighting
  1521 | D:2      | Reached XP level 4. HP: 10/37 MP: 4/4
  2027 | D:2      | Noticed Sigmund
  2033 | D:2      | Killed Sigmund
  2034 | D:2      | Reached skill level 5 in Fighting
  2034 | D:2      | Reached skill level 5 in Shields
  2034 | D:2      | Reached XP level 5. HP: 43/44 MP: 5/5
  2034 | D:2      | Reached XP level 6. HP: 50/51 MP: 6/6
  2775 | D:3      | Found a sacrificial altar of Ru.
  2809 | D:3      | Became a worshipper of Ru the Awakened
  2848 | D:3      | Found an ornate altar of the Wu Jian Council.
  3203 | D:3      | Found a faded altar of an unknown god.
  3517 | D:4      | Reached XP level 7. HP: 49/57 MP: 7/7
  3712 | D:4      | Identified the +8 morningstar of Due Proportion {elec,
                  | rElec rCorr Dex+4}
  3875 | D:4      | Reached skill level 6 in Fighting
  3875 | D:4      | Reached skill level 1 in Maces & Flails
  4153 | D:4      | Gained mutation: You cannot be stealthy. [Ru sacrifice]
  4331 | D:5      | Entered Level 5 of the Dungeon
  4470 | D:5      | Reached XP level 8. HP: 65/65 MP: 8/8
  4581 | D:5      | Found a runed translucent gate.
  4581 | D:5      | Found a runed translucent gate.
  4581 | D:5      | Found a runed translucent gate.
  4585 | D:5      | Noticed kwasso's ghost (amateur GnDe)
  4596 | D:5      | Killed kwasso's ghost
  4706 | D:5      | Reached skill level 7 in Fighting
  4716 | D:5      | Reached skill level 5 in Maces & Flails
  5661 | D:6      | Found a broken altar of Ashenzari.
  5664 | D:6      | Reached XP level 9. HP: 73/73 MP: 9/9
  5692 | D:6      | Reached skill level 5 in Armour
  5710 | D:6      | Identified the +7 trident "Beetlebane" {vorpal, Will++}
  5929 | D:6      | Found a staircase to the Ecumenical Temple.
  6164 | D:6      | Noticed Grinder
  6171 | D:6      | Reached skill level 8 in Fighting
  6180 | D:6      | Killed Grinder
  6222 | Temple   | Entered the Ecumenical Temple
  7317 | D:7      | Reached XP level 10. HP: 82/82 MP: 10/10
  7369 | D:7      | Gained mutation: You have somewhat slow reflexes. (EV -5)
                  | [Ru sacrifice]
  7369 | D:7      | Reached * piety under Ru
  7369 | D:7      | Reached ** piety under Ru
  7724 | D:7      | Reached skill level 9 in Fighting
  8099 | D:8      | Found a glowing golden altar of the Shining One.
  8229 | D:8      | Found a staircase to the Lair.
  8234 | D:8      | Noticed a two-headed ogre
  8262 | D:8      | Killed from afar by an orc priest

Illustrated notes

Levels and vault maps discovered:
D:1:      ncdulo_halloftheorcs, layout_basic
D:2:      layout_rooms, uniq_sigmund
D:3:      layout_basic, nicolae_wu_jian_wuxing_cycle,
          nicolae_ru_great_annihilating_truth,
          dilly_ecumenical_altar_fadedgnrine, minmay_unequal
D:4:      layout_gridville
D:5:      layout_gridville, serial_glass, glass_columns_a, glass_columns_a,
          gammafunk_ghost_icy, minmay_door_square
D:6:      layout_basic, nicolae_ashenzari_skybound,
          minmay_temple_entry_proselytizer, dk_vineyard_2, uniq_grinder
D:7:      layout_cave_pools, minivault_5, kennysheep_opposing_triangles
D:8:      layout_gridville, mainiacjoe_overflow_boulevard,
          erik_lair_orcish_takeover, enter_bailey_2
Temple:   bh_familiar_temple

Skill      XL: |  1  2  3  4  5  6  7  8  9 10 |
---------------+-------------------------------+-----
Fighting       | 4 5 6 7 8 9 |  9.2
Axes           | 3 |  3.5
Armour         | 4 6 7 |  7.0
Shields        | 5 7 8 |  8.3
Maces & Flails | 3 6 7 8 |  8.2

Action                   |  1- 3 |  4- 6 |  7- 9 | 10-12 || total
-------------------------+-------+-------+-------+-------++-------
Melee: War axe           |    57 |   114 |    17 |       ||   188
       Morningstar       |       |       |   188 |    50 ||   238
Invok: Sacrifice Stealth |       |       |     1 |       ||     1
       Sacrifice Health  |       |       |       |     1 ||     1
 Abil: Dig               |     2 |       |     1 |     1 ||     4
  Use: Scroll            |     4 |     2 |     5 |     1 ||    12
       Potion            |     1 |       |       |       ||     1
 Stab: Paralysed         |       |     2 |       |       ||     2
       Invisible         |       |     1 |       |       ||     1
Armor: Scale mail        |    26 |    39 |       |       ||    65
       Skin              |     1 |       |       |       ||     1
       Plate armour      |       |     7 |   143 |    22 ||   172
Dodge: Dodged            |    21 |    49 |    74 |     1 ||   145
Block: Buckler           |    19 |    32 |    39 |       ||    90
       Kite shield       |       |       |   100 |    56 ||   156
       Reflection        |       |       |     7 |       ||     7
